 Dungeon Crawl Stone Soup version 0.30-a0-782-ge64f9170bb (console) character file.

Game seed: 14811132560855208655

86 utis the Conjurer (level 4, -1/25 HPs)
             Began as a Tengu Wanderer on Feb 26, 2023.
             Slain by a phantom (5 damage)
             ... on level 5 of the Dungeon.
             The game lasted 00:07:41 (2793 turns).

utis the Conjurer (Tengu Wanderer)                  Turns: 2793, Time: 00:07:41

Health: -1/25      AC:  9    Str: 16    XL:     4   Next: 50%
Magic:  8/8        EV: 15    Int: 12    God:
Gold:   204        SH:  0    Dex: 12    Spells: 0/7 levels left

rFire   . . .      SeeInvis .    a - +1 spear (venom)
rCold   . . .      Faith    .    (no shield)
rNeg    . . .      Spirit   .    d - +3 scale mail
rPois   .          Reflect  .    (helmet restricted)
rElec   .          Harm     .    t - scarf {+Inv}
rCorr   .          Rampage  .    (no gloves)
Will    .....                    (boots unavailable) Stlth
                                 (no amulet)
HPRegen 0.24/turn                E - +5 ring of evasion
MPRegen 0.11/turn                (no ring)

@: no status effects
A: beak, talons 3
a: Evoke Invisibility


You were on level 5 of the Dungeon.
You visited 1 branch of the dungeon, and saw 5 of its levels.

You collected 204 gold pieces.

Inventory:

Hand Weapons
 a - a +1 spear of venom (weapon)
 g - a +0 dagger
 h - a +0 club
 o - a +2 dagger of speed
 u - a +1 dagger of venom
Missiles
 q - 2 throwing nets {=f}
Armour
 d - a +3 scale mail (worn)
 t - a scarf of invisibility (worn)
Jewellery
 e - a +5 ring of evasion
 E - a +5 ring of evasion (left hand)
 H - an amulet of faith {!P}
Scrolls
 b - 3 scrolls of teleportation {@r4}
 i - 2 scrolls of enchant armour
 j - a scroll of silence {unknown}
 l - a scroll of fog {unknown}
 m - 2 scrolls of amnesia {unknown}
 n - a scroll of brand weapon {unknown}
 p - 3 scrolls of identify {unknown}
 r - a scroll of vulnerability {unknown}
Potions
 c - 3 potions of haste {@q3}
 f - 2 potions of curing {unknown}
 k - a potion of flight {unknown}
 s - 2 potions of mutation {unknown}
 v - 4 potions of heal wounds {unknown}


   Skills:
 - Level 1.3 Fighting
 - Level 3.2 Armour
 * Level 2.3 Dodging
 - Level 2.0 Spellcasting
 + Level 4.9 Conjurations
 + Level 2.1 Fire Magic
 + Level 1.0 Air Magic
 + Level 0.8 Poison Magic


You couldn't memorise any spells.
You knew the following spells:

 Your Spells              Type           Power      Damage    Failure   Level
p - Mephitic Cloud        Conj/Pois/Air  6%         N/A       75%         3
W - Swiftness             Air            3%         N/A       88%         3
Y - Foxfire               Conj/Fire      36%        2x1d5     22%         1

Your spell library contained the following spells:

 Spells                   Type           Power      Damage    Failure   Level
 Ensorcelled Hibernation  Hex/Ice        2%         N/A       82%         2
 Passwall                 Tmut/Erth      0%         N/A       82%         2


Dungeon Overview and Level Annotations

Branches:
Dungeon (5/15)             Temple (0/1) D:4

Altars:
Sif Muna


Innate Abilities, Weirdness & Mutations

You have a beak for a mouth.
You have claws for feet.


Message History

The phantom is lightly damaged.
The phantom hits you.
The phantom blinks!
You blink.
You hit the phantom. Your kick misses the phantom.
The phantom is lightly damaged.
The phantom hits you but does no damage.
You closely miss the phantom. You claw the phantom, but do no damage.
The phantom is lightly damaged.
The phantom hits you but does no damage.
You closely miss the phantom.
The phantom is lightly damaged.
The phantom hits you.
The phantom blinks!
You blink.
You closely miss the phantom. You claw the phantom.
The phantom is lightly damaged.
The phantom hits you.
You hit the phantom but do no damage. Your kick misses the phantom.
You peck the phantom.
The phantom is moderately damaged.
The phantom hits you.
* * * LOW HITPOINT WARNING * * *
You closely miss the phantom. Your kick misses the phantom.
You peck the phantom.
The phantom is moderately damaged.
The phantom hits you.
* * * LOW HITPOINT WARNING * * *
The phantom blinks!
You blink.
You closely miss the phantom. Your kick misses the phantom.
The phantom is moderately damaged.
The phantom hits you.
* * * LOW HITPOINT WARNING * * *
The quokka bites you.
* * * LOW HITPOINT WARNING * * *
The phantom hits you but does no damage.
The quokka bites you but does no damage.
The phantom attacks as you move away! The phantom barely misses you.
A jelly comes into view.
The jelly quivers.
The quokka barely misses you. The phantom attacks as you move away!
The phantom hits you but does no damage.
The quokka misses you. The phantom attacks as you move away!
The phantom hits you.
You die...

░.░ .. ░.░░.░ ░.░░░
░..... ░░...░ ░░.....
....░ ░...... ...
░..░░.░ ░.░ ░..░░.░
░░░░░.░░░░░░░..░░.░
░....Q....░.......░░░.
░░░...Wr░░░.░.░....<....
+.......................
░░░.....░░░.░.░░░░...░░░
░.....░ ░.░.░░.....░
░..░░░░ ░.░>░░.░...░
░.J░ ░.░......░░░ ░..░
░.░░░░.░░░ ░.. ..░ ░.


You could see a phantom, a jelly and a quokka.

Vanquished Creatures
  2 adders
  An ufetubus (D:3)
  2 endoplasms
  6 giant cockroaches
  7 goblins
  6 hobgoblins
  3 jackals (D:3)
  7 kobolds
  3 quokkas
  4 ball pythons
  6 bats
  4 frilled lizards
  7 rats
58 creatures vanquished.

Vanquished Creatures (others)
  18 foxfires
18 creatures vanquished.

Grand Total: 76 creatures vanquished

Notes
Turn   | Place    | Note
-------+----------+-------------------------------------------
     0 | D:1      | utis the Tengu Wanderer began the quest for the Orb.
     0 | D:1      | utis set off with the following items: a +0 club, a scroll
                  | of teleportation {@r4}, a potion of haste {@q3}, a +2 scale
                  | mail; and the following spell memorised: Foxfire; and the
                  | following spells available to memorise: Mephitic Cloud.
     0 | D:1      | Reached XP level 1. HP: 12/12 MP: 4/4
   216 | D:1      | Found a faded altar of an unknown god.
   244 | D:1      | Reached XP level 2. HP: 16/16 MP: 6/6
   338 | D:1      | Reached skill level 1 in Fire Magic
   939 | D:2      | Reached XP level 3. HP: 20/20 MP: 5/7
   959 | D:2      | Learned a level 3 spell: Mephitic Cloud
  1528 | D:3      | Identified the +4 leather armour of the Vestibule of Hell
                  | {MP-9 Dex+3 Stlth+}
  1543 | D:3      | Reached XP level 4. HP: 23/25 MP: 8/8
  2115 | D:3      | Learned a level 3 spell: Swiftness
  2438 | D:4      | Reached skill level 1 in Air Magic
  2459 | D:4      | Found a shimmering blue altar of Sif Muna.
  2710 | D:4      | Found a staircase to the Ecumenical Temple.
  2754 | D:5      | Entered Level 5 of the Dungeon
  2773 | D:5      | Noticed a phantom
  2793 | D:5      | Slain by a phantom

Illustrated notes

Levels and vault maps discovered:
D:1:      dpeg_arrival_round_b, layout_basic, ebering_ecumenical_altar_petrified
D:2:      layout_rooms
D:3:      layout_loops_cross
D:4:      layout_rooms, nicolae_sif_muna_condensation, temple_statues
D:5:      kennysheep_steamy, layout_loops_corners,
          chequers_serial_rivers_micro_a

Skill      XL: |  1  2  3  4 |
---------------+-------------+-----
Fire Magic     | 1 2 |  2.1
Dodging        | 2 |  2.3
Air Magic      | 1 |  1.0
Fighting       | |  1.3
Armour         | |  3.2
Spellcasting   | |  2.0
Conjurations   | |  4.9
Poison Magic   | |  0.8

Action                     |  1- 3 |  4- 6 || total
---------------------------+-------+-------++-------
  Melee: Club              |    36 |       ||    36
         Kick              |    18 |     8 ||    26
         Spear             |    60 |    40 ||   100
         Peck              |     6 |     6 ||    12
         Punch             |     1 |       ||     1
   Cast: Foxfire           |     8 |     2 ||    10
    Use: Scroll            |     1 |       ||     1
 Armour: Scale mail        |    50 |    12 ||    62
  Dodge: Dodged            |    71 |    21 ||    92

Table legend: (Time is in decaauts)
 A = Elapsed time spent in this place.
 B = Non-inter-level travel time spent in this place.
 C = Inter-level travel time spent in this place.
 D = Time resting spent in this place.
 E = Time spent auto-exploring this place.
 F = Levels seen in this place.
 G = Mean time per level.
                   A        B        C        D        E       F      G
               +--------+--------+--------+--------+--------+-----+--------+
         Total |   2811 |   2663 |    148 |    100 |   2000 |   5 |  562.2 |
       Dungeon |   2811 |   2663 |    148 |    100 |   2000 |   5 |  562.2 |
               +--------+--------+--------+--------+--------+-----+--------+

Top non-repeatable levels by time:
     D:1: 931 daAuts
     D:3: 636 daAuts
     D:4: 604 daAuts
     D:2: 598 daAuts
     D:5: 39 daAuts
